 Dungeon Crawl Stone Soup version 0.20-a0-751-g905781e (webtiles) character file.

398 Amciq the Skirmisher (level 6, -6/56 HPs)
             Began as a Hill Orc Fighter on Feb 25, 2017.
             Was an Initiate of Ashenzari.
             Killed by divine providence
             ... invoked by an orc priest
              (15 damage)
             ... on level 4 of the Dungeon.
             The game lasted 00:09:28 (2849 turns).

Amciq the Skirmisher (Hill Orc Fighter)             Turns: 2849, Time: 00:09:28

Health: -6/56      AC:  7    Str: 21    XL:     6   Next: 83%
Magic:  6/6        EV:  7    Int:  8    God:    Ashenzari [......]
Gold:   155        SH: 10    Dex: 10    Spells: 5/5 levels left

rFire    . . .     SeeInvis .   a - +0 war axe
rCold    . . .     Gourm    .   b - +0 scale mail
rNeg     . . .     Faith    .   c - +0 shield
rPois    .         Spirit   .   (no helmet)
rElec    .         Reflect  .   (no cloak)
rCorr    .         Harm     .   (no gloves)
MR       .....                  (no boots)
Stlth    ..........             (no amulet)
Regen    0.2/turn               (no ring)
MPRegen  0.1/turn               (no ring)

@: no status effects
A: no striking features
a: Curse Item, Renounce Religion, Convert to Beogh


You were on level 4 of the Dungeon.
You worshipped Ashenzari.
Ashenzari was noncommittal.
You were not hungry.

You visited 1 branch of the dungeon, and saw 4 of its levels.

You collected 155 gold pieces.

Inventory:

Hand Weapons
 a - a +0 war axe (weapon)
Armour
 b - a +0 scale mail (worn)
 c - a +0 shield (worn)
Wands
 r - a wand of disintegration (12/24)
Scrolls
 g - 3 scrolls of remove curse
 h - a scroll of noise {unknown}
 i - a scroll of immolation {unknown}
 j - a scroll of enchant weapon {unknown}
 k - a scroll of recharging {unknown}
 l - 4 scrolls of identify {unknown}
 m - 5 scrolls of teleportation
 o - a scroll of random uselessness {unknown}
 q - 2 scrolls of amnesia {unknown}
 s - a scroll of enchant armour {unknown}
Potions
 p - a potion of curing {unknown}
Comestibles
 d - 5 chunks of flesh
 f - 3 bread rations
 n - a meat ration
 t - a royal jelly


   Skills:
 + Level 5.5 Fighting
 + Level 4.9 Axes
 + Level 4.9 Armour
 + Level 5.0 Shields


You had 5 spell levels left.
You didn't know any spells.

Dungeon Overview and Level Annotations

Branches:
Dungeon (4/15)
 Temple: D:4-7

Altars:
Ashenzari
Sif Muna
Vehumet
The Shining One


Message History

You block the orc's attack.
The orc priest calls down the wrath of Beogh upon you.
Pain shoots through your body!
* * * LOW HITPOINT WARNING * * *
You barely miss the orc.
The orc is heavily wounded.
You closely miss the orc priest. The orc hits you but does no damage.
You block the orc priest's attack. The orc hits you but does no damage.
You closely miss the orc.
The orc is heavily wounded.
You closely miss the orc priest.
The orc priest hits you but does no damage.
You block the orc's attack.
You closely miss the orc.
The orc is heavily wounded.
You hit the orc priest.
The orc priest shouts, "Beogh is our master!
Accept the truth or die!"
The orc priest mumbles some strange prayers to Beogh against you.
Beogh smites you!
You die...

### ### # #..
..#.# #.. ..#.#
#.. #.#.# #.$
#...#.#.#
#..###o.......
#....@o# #
#.#..### #.#
#..#####...
#..........
##....####...
#.........#
...(..##.#######
##.#.###.......#
..... #######.#


You could see an orc priest and an orc.

Vanquished Creatures
  A black bear (D:4)
  A crimson imp (D:3)
  An orc priest (D:4)
  An orc wizard (D:3)
  Terence (D:3)
  Robin (D:3)
  6 adders
  2 oozes
  5 worms
  A leopard gecko (D:3)
  14 orcs
  5 bats
  5 giant cockroaches
  15 goblins
  13 hobgoblins
  3 jackals (D:3)
  3 quokkas
  4 frilled lizards
  5 kobolds
  6 rats
  A plant (D:2)
94 creatures vanquished.

Notes
Turn   | Place    | Note
-------+----------+-------------------------------------------
     0 | D:1      | Amciq the Hill Orc Fighter began the quest for the Orb.
     0 | D:1      | Reached XP level 1. HP: 19/19 MP: 1/1
   259 | D:1      | Reached XP level 2. HP: 27/27 MP: 2/2
   791 | D:2      | Found a shattered altar of Ashenzari.
   804 | D:2      | Reached XP level 3. HP: 30/33 MP: 3/3
   832 | D:2      | Became a worshipper of Ashenzari the Shackled
  1489 | D:2      | Reached XP level 4. HP: 40/40 MP: 4/4
  1820 | D:3      | Noticed Terence
  1831 | D:3      | Killed Terence
  1923 | D:3      | Noticed Robin
  1970 | D:3      | Reached XP level 5. HP: 46/47 MP: 5/5
  1990 | D:3      | Killed Robin
  2475 | D:3      | Reached skill level 5 in Fighting
  2475 | D:3      | Reached XP level 6. HP: 56/56 MP: 6/6
  2516 | D:3      | Found a glowing golden altar of the Shining One.
  2630 | D:4      | Noticed a black bear
  2640 | D:4      | Killed a black bear
  2700 | D:4      | Found a deep blue altar of Sif Muna.
  2822 | D:4      | Found a radiant altar of Vehumet.
  2843 | D:4      | Reached skill level 5 in Shields
  2849 | D:4      | Killed from afar by an orc priest

Vault maps used:
D:1:      saegor_arrival_miasma, minmay_misc_feat_room
D:2:      nicolae_overflow_crystal_walls, serial_forest,
          infiniplex_forest_clump_diagonal, infiniplex_forest_clump_small,
          infiniplex_forest_clump_medium, infiniplex_forest_clump_curved,
          infiniplex_forest_straight_4
D:3:      marbit_many_paths, first_bread, corexii_corridor_pit, uniq_terence,
          uniq_robin
D:4:      fiery_altar_vehumet, kennysheep_mini_moat, minmay_goblin_outpost

Skill      XL: |  1  2  3  4  5  6 |
---------------+-------------------+-----
Axes           | 3 4 |  4.9
Fighting       | 4 5 |  5.5
Armour         | 4 |  4.9
Shields        | 4 5 |  5.0

Action                   |  1- 3 |  4- 6 || total
-------------------------+-------+-------++-------
Melee: War axe           |   133 |   240 ||   373
  Use: Potion            |       |     4 ||     4
       Scroll            |       |     1 ||     1
  Eat: Chunk             |     2 |     5 ||     7
Armor: Scale mail        |    45 |   107 ||   152
Dodge: Dodged            |    28 |    68 ||    96
Block: Shield            |    58 |   138 ||   196
